 Dungeon Crawl Stone Soup version 0.32-a0-39-g5c88369fb2 (webtiles) character file.

Game seed: 2454330735634838236

323542 MainBain the Executioner (level 21, -12/204 (211) HPs)
             Began as a Minotaur Berserker on Jan 14, 2024.
             Was the Champion of Trog.
             Killed by divine providence
             ... invoked by a sphinx
              (14 damage)
             ... on level 5 of the Vaults on Feb 3, 2024.
             The game lasted 05:57:11 (33165 turns).

MainBain the Executioner (Minotaur Berserker)      Turns: 33165, Time: 05:57:12

HP:   -12/204 (211) AC: 41    Str: 36    XL:     21   Next: 29%
MP:   20/20         EV: 22    Int:  6    God:    Trog [******]
Gold: 3312          SH:  0    Dex: 19    Spells: 20/20 levels left

rFire   . . .        X - +10 executioner's axe of Mim Nud {heavy, Dex+3}
rCold   + . .        (shield currently unavailable)
rNeg    . . .        z - +3 crystal plate armour {rC+}
rPois   .            S - +3 crown of Dyrovepreva {rElec Int+2 SInv}
rElec   +            e - +2 cloak of Fedhas's Reproof {rElec Stlth+}
rCorr   .            V - +2 pair of gloves {Dex+3}
SInv    +            o - +0 pair of boots "Jantu Dunk" {+Blink Fly rElec}
Will    ++++.        a - amulet of Sloth {Faith Will+} Stlth
                     G - +5 ring of evasion
HPRegen 1.54/turn    U - +6 ring of strength
MPRegen 0.17/turn

%: faith
@: strong-willed, flying, regenerating, studying Maces & Flails, lightly drained
A: horns 2, retaliatory headbutt
a: Renounce Religion, Evoke Blink, Berserk, Trog's Hand, Brothers in Arms


You were on level 5 of the Vaults.
You worshipped Trog.
Trog was exalted by your worship.
You visited 7 branches of the dungeon, and saw 32 of its levels.
You also visited: Bailey, Gauntlet and Ice Cave.

You collected 4813 gold pieces.
You spent 1501 gold pieces at shops.

Inventory:

Hand Weapons
 h - the +10 battleaxe "Menis" {heavy, rCorr Str+3}
   (Trog gifted it to you on level 1 of the Vaults)

   Str+3:     It affects your strength (+3).
   rCorr:     It protects you from acid and corrosion.
 i - a +6 antimagic dire flail
 p - a +5 battleaxe of flaming
 B - a +5 sling of freezing
 I - a +2 great mace of electrocution
 O - a +4 long sword of holy wrath
 X - the +10 executioner's axe of Mim Nud (weapon) {heavy, Dex+3}
   (Trog gifted it to you on level 4 of the Lair of Beasts)

   Dex+3:     It affects your dexterity (+3).
Missiles
 E - 5 throwing nets
 M - 7 curare-tipped darts
 N - 8 atropa-tipped darts
Armour
 e - the +2 cloak of Fedhas's Reproof (worn) {rElec Stlth+}
   (You found it on level 3 of the Vaults)

   rElec:     It insulates you from electricity.
   Stlth+:    It makes you more stealthy.
 l - +0 acid dragon scales
 o - the +0 pair of boots "Jantu Dunk" (worn) {+Blink Fly rElec}
   (You acquired it on level 3 of the Crypt)

   rElec:     It insulates you from electricity.
   Fly:       It grants you flight.
   +Blink:    It lets you blink.
 z - a +3 crystal plate armour of cold resistance (worn)
 F - the +4 shadow dragon scales of the Watchman {Int+2 Dex+3 Stlth++++}
   (You found it on level 11 of the Dungeon)

   Int+2:     It affects your intelligence (+2).
   Dex+3:     It affects your dexterity (+3).
   Stlth++++: It makes you much more stealthy.
 S - the +3 crown of Dyrovepreva (worn) {rElec Int+2 SInv}
   (You bought it in a shop on level 2 of the Orcish Mines)

   Int+2:     It affects your intelligence (+2).
   rElec:     It insulates you from electricity.
   SInv:      It lets you see invisible.
 V - a +2 pair of gloves of dexterity (worn)
Jewellery
 a - the amulet of Sloth (around neck) {Faith Will+}
   (You found it on level 5 of the Dungeon)

   [amulet of faith]

   Faith:     It allows you to gain divine favour quickly.
   Will+:     It increases your willpower.
 k - a ring of protection from cold
 y - a ring of see invisible
 D - a ring of poison resistance
 G - a +5 ring of evasion (left hand)
 K - a +5 ring of evasion
 R - a ring of positive energy
 T - an amulet of reflection
 U - a +6 ring of strength (right hand)
 W - the ring of Iciph {rC+ Int+2 Dex+5}
   (You found it in an ice cave)

   [ring of protection from cold]

   Int+2:     It affects your intelligence (+2).
   Dex+5:     It affects your dexterity (+5).
   rC+:       It protects you from cold.
Wands
 f - a wand of mindburst (35)
 s - a wand of quicksilver (23)
 u - a wand of paralysis (19)
 w - a wand of iceblast (15)
 J - a wand of polymorph (24)
 P - a wand of digging (16)
Scrolls
 b - 3 scrolls of blinking
 c - 6 scrolls of immolation
 g - 14 scrolls of teleportation
 j - 5 scrolls of fog
 m - 5 scrolls of enchant armour
 v - 3 scrolls of silence
 A - 7 scrolls of fear
 H - 2 scrolls of brand weapon
 L - 2 scrolls of revelation
 Q - 5 scrolls of enchant weapon
Potions
 d - 12 potions of curing
 n - 6 potions of haste
 q - 4 potions of enlightenment
 r - 4 potions of invisibility
 t - 5 potions of heal wounds
 x - 3 potions of cancellation
 C - 3 potions of ambrosia
 Y - 4 potions of might
Miscellaneous
 Z - a lightning rod (4/4)


   Skills:
 + Level 23.2 Fighting
 + Level 11.6 Long Blades
 - Level 23.5(24.0) Axes
 - Level 8.7(17.5) Maces & Flails
 + Level 14.8 Ranged Weapons
 + Level 19.0 Armour
 + Level 17.0 Dodging
 + Level 10.8 Evocations


You had 20 spell levels left.
You didn't know any spells.
Your spell library was empty.

Dungeon Overview and Level Annotations

Branches:
Dungeon (15/15)            Temple (0/1) D:7            Lair (5/5) D:10
 Shoals (0/4) Lair:3        Snake (1/4) Lair:3        Slime (0/5) Lair:4
    Orc (2/2) D:9             Elf (0/3) Orc:2        Vaults (5/5) D:14
  Crypt (3/3) Vaults:2       Tomb (0/3) Crypt:3      Depths (1/4) D:15
 Bailey (visited)           IceCv (visited)         Gauntlet (visited)

Altars:
Ashenzari
Fedhas
Kikubaaqudgha
Okawaru
Qazlal
Sif Muna
Uskayaw
Wu Jian
Xom
Yredelemnul
Jiyva

Shops:
D:3 [   D:5 [   D:6 *   D:12 (((!   Orc:2 ([((   Vaults:4 ?

Portals:
Hell: Depths:1

Annotations:
D:8 exclusion: oklob plant
Lair:1 2 transporters


Innate Abilities, Weirdness & Mutations

You have a pair of horns on your head.
You reflexively headbutt those who attack you in melee.


Message History

A vault warden comes into view. It is wielding a +0 glaive.
The tengu reaver hits you from afar with a +3 bardiche of flaming!
The tengu reaver burns you. The tentacled monstrosity misses you.
The tentacled monstrosity tentacle-slaps you but does no damage.
The tentacled monstrosity closely misses you.
The tentacled monstrosity constricts you!
The frost giant casts a spell at you.
The bolt of cold hits the phantasmal warrior!!
The phantasmal warrior resists.
The bolt of cold hits you! You resist.
* * * LOW HITPOINT WARNING * * *
You escape the tentacled monstrosity's grasp.
You feel very sick.
The vault guard hits you but does no damage.
The phantasmal warrior hits you but does no damage.
The yaktaur captain hits you but does no damage.
The tengu reaver hits you from afar with a +3 bardiche of flaming!
* * * LOW HITPOINT WARNING * * *
The tengu reaver burns you!
* * * LOW HITPOINT WARNING * * *
The tengu reaver hits you with a +2 battleaxe of distortion!
* * * LOW HITPOINT WARNING * * *
You blink.
You can't go up here!
You feel better. The tengu reaver casts a spell at you.
The bolt of negative energy hits you!!
You feel drained.
* * * LOW HITPOINT WARNING * * *
Your skin crawls.
You feel strong-willed.
The tengu reaver hits you but does no damage.
The tengu reaver pecks you!
* * * LOW HITPOINT WARNING * * *
The tengu reaver closely misses you. The phantasmal warrior gestures at you.
The phantasmal warrior blinks!
The ironbound convoker misses you. The phantasmal warrior gestures at you.
The phantasmal warrior blinks!
The sphinx casts a spell.
Something smites you!
You die...

## .# ## .#....#
#. #.###.#....#
#..
?.#W##....##...
#[..#W...#....
#@p........#
#####Qc......###
.....XQ).[......
......H.<<......
......)pC.<.....
.....pQp<<......
#####....ยง...###
............
....#....#....


You could see a tentacled monstrosity, a frost giant (soul bound), a sphinx
(soul bound), a vault warden (soul bound), 3 tengu reavers, a yaktaur captain
(soul bound), a vault guard (soul bound), 2 phantasmal warriors, an ironbound
convoker (soul bound) and a necromancer.

Vanquished Creatures
  2 dread liches
  An ancient lich (Crypt:3)
  Xtahua (Crypt:1)
  Saint Roka (Crypt:1)
  The ghost of Lukheov the Peltast, a veteran DrWn of Okawaru (Vaults:3)
  A golden dragon (Vaults:5)
  Jory (Crypt:2)
  A bone dragon (Crypt:3)
  A Tzitzimitl (Vaults:3)
  Jorgrun (Orc:2)
  5 liches
  4 sphinxes
  2 titans (Vaults:5)
  2 tengu reavers (Vaults:5)
  A shadow dragon (Vaults:5)
  Aizul (Vaults:1)
  Agnes (D:15)
  A revenant (Crypt:2)
  A fire giant (Vaults:4)
  An iron dragon (Vaults:5)
  20 vault wardens
  2 balrugs (Crypt:3)
  2 deep elf sorcerers
  4 orc warlords
  A reaper (IceCv)
  3 caustic shrike skeletons (Crypt:3)
  3 stone giants (Vaults:5)
  The ghost of Jano the Warrior, a journeyman DjEE of Gozag (Lair:5)
  2 ghouls (Crypt:2)
  17 ironbound preservers
  4 curse skulls
  4 ironbound thunderhulks
  A juggernaut skeleton (Crypt:3)
  3 formless jellyfish
  3 deep elf death magi (Crypt:1)
  9 vampire knights
  2 deep elf annihilators (Crypt:1)
  3 deep elf demonologists (Crypt:1)
  6 war gargoyles
  Azrael (Orc:2)
  A minotaur (Gauntlet)
  13 dire elephants
  2 ettins
  A quicksilver dragon zombie (Crypt:1)
  4 eidola
  A green death (Gauntlet)
  A crystal guardian (Vaults:3)
  2 deep elf high priests
  5 jiangshi
  The ghost of Kurok the Severer, a journeyman MiFi of Yredelemnul (Orc:2)
  4 great orbs of eyes
  8 yaktaur captains
  A peacekeeper (Vaults:3)
  7 hydras
  9 ironbound frosthearts
  28 vault guards
  A sphinx zombie (Crypt:2)
  2 merfolk aquamancers (Crypt:1)
  2 spriggan air magi
  2 spriggan skeletons (Crypt:3)
  A death knight (D:13)
  11 centaur warriors
  3 boulder beetles
  5 tengu warriors
  A two-headed ogre (D:10)
  2 ogre magi
  2 dancing weapons
  A titan zombie (Crypt:1)
  A naga warrior (Snake:1)
  3 vampire magi
  A quicksilver ooze zombie (Crypt:1)
  A deep troll earth mage (Vaults:4)
  4 orc high priests
  9 hell knights
  An emperor scorpion zombie (Crypt:2)
  A death yak (D:10)
  4 soul eaters (Crypt:1)
  An occultist (D:11)
  A skyshark (Lair:5)
  31 skeletal warriors
  A glowing orange brain (Vaults:3)
  A storm dragon skeleton (Crypt:3)
  A ghost moth zombie (Crypt:2)
  2 shadow wraiths (Crypt:2)
  45 deep trolls
  A naga ritualist (Snake:1)
  A flayed ghost (Vaults:5)
  A bog body (Crypt:2)
  A deep troll (shapeshifter) (Vaults:5)
  3 lindwurms
  11 phantasmal warriors
  3 arcanists
  19 ironbound convokers
  7 necromancers
  6 deep elf pyromancers
  A wolf spider (D:15)
  8 orc knights
  A harpy (shapeshifter) (D:15)
  A deep elf zephyrmancer (Crypt:1)
  4 orc sorcerers
  An oklob plant (Lair:2)
  Maurice (D:7)
  4 manticores
  10 ugly things
  An alligator skeleton (Crypt:2)
  A salamander (Lair:3)
  A merfolk siren (Lair:3)
  5 cyclopes
  4 black mambas
  An ice statue (IceCv)
  20 vault sentinels
  An elephant (D:10)
  4 kobold blastminers (Orc:2)
  A dire elephant skeleton (Crypt:3)
  Joseph (D:7)
  An eleionoma skeleton (Crypt:2)
  17 cane toads
  2 torpor snails
  5 gargoyles
  An unseen horror (D:11)
  2 orange demons (Gauntlet)
  6 smoke demons (Crypt:3)
  5 kobold demonologists
  8 rime drakes
  32 yaktaurs
  3 freezing wraiths
  A red draconian skeleton (Crypt:2)
  8 komodo dragons
  A merfolk (Lair:3)
  A hydra zombie (Crypt:3)
  10 polar bears
  A guardian mummy (Crypt:3)
  A green draconian skeleton (Crypt:1)
  A silent spectre (Crypt:1)
  4 trolls
  2 anaconda simulacra (IceCv)
  8 hornets
  3 harpy skeletons (Crypt:3)
  An ettin zombie (Crypt:1)
  2 glass eyes (Vaults:3)
  3 blink frogs (Lair:4)
  10 dream sheep
  40 slime creatures
  A centaur simulacrum (D:14)
  A merfolk skeleton (Crypt:1)
  Sigmund (D:2)
  8 shadows
  11 spriggans (Lair:5)
  78 yaks
  A black mamba zombie (Crypt:2)
  3 vampires
  An ushabti (Crypt:3)
  2 wargs
  7 basilisks
  2 fire elementals (Orc:2)
  12 wyverns
  A tyrant leech zombie (Crypt:2)
  8 wraiths
  A neqoxec (Gauntlet)
  A steam dragon (Lair:4)
  3 death yak simulacra (IceCv)
  8 vampire mosquitoes
  3 chaos spawn (Gauntlet)
  2 harpy simulacra (IceCv)
  4 acid dragons
  A naga (Snake:1)
  5 hell hounds
  11 water moccasins
  Duvessa (D:4)
  3 hydra simulacra (IceCv)
  3 sky beasts
  40 orc warriors
  2 ice beasts
  A merfolk simulacrum (Crypt:1)
  12 ogres
  2 black bears
  26 laughing skulls
  29 wolves
  13 boggarts
  A manticore skeleton (Crypt:1)
  16 centaurs
  A blink frog skeleton (Crypt:2)
  3 phantoms
  6 kobold brigands
  15 bullfrogs
  Blork the orc (D:6)
  2 gnoll sergeants
  8 two-headed ogre simulacra (IceCv)
  4 scorpions
  4 wights (D:8)
  2 cane toad simulacra (IceCv)
  Dowan (D:4)
  11 killer bees (D:11)
  4 howler monkeys
  8 electric eels
  A wolf zombie (Crypt:1)
  A bombardier beetle (D:4)
  2 lava snakes (Lair:3)
  A gnoll bouda (D:8)
  5 jellies
  27 orc priests
  4 hounds
  A sleepcap (D:4)
  Ijyb (D:4)
  29 orc wizards
  4 hell rats (D:14)
  5 spriggan simulacra (IceCv)
  8 troll simulacra (IceCv)
  A wolf simulacrum (IceCv)
  A polar bear simulacrum (IceCv)
  An acid dragon skeleton (Crypt:1)
  An ogre zombie (Crypt:2)
  10 mummies (Crypt:3)
  Robin (D:4)
  15 gnolls
  5 naga simulacra (IceCv)
  11 adders
  5 white imps
  5 ufetubi
  2 adder zombies (D:2)
  An adder skeleton (D:2)
  3 dart slugs
  105 orcs
  4 ball pythons
  A bat zombie (D:2)
  14 endoplasms
  2 giant cockroaches
  10 hobgoblins
  13 jackals
  44 kobolds
  2 quokkas
  3 ball python skeletons (D:2)
  A ball python zombie (D:2)
  2 bats
  2 frilled lizards (D:3)
  16 goblins
  A goblin skeleton (Crypt:1)
  A jackal zombie (D:2)
  A quokka zombie (D:2)
  8 rats
1429 creatures vanquished.

Vanquished Creatures (collateral kills)
  2 ironbound preservers (Vaults:1)
  An ironbound convoker (Vaults:1)
  3 lindwurms (Vaults:1)
  An orc sorcerer (Orc:1)
  2 orc warriors (Orc:1)
  An ogre (Orc:1)
  An orc priest (Orc:1)
  An orc wizard (Orc:1)
  3 orcs (Orc:1)
15 creatures vanquished.

Vanquished Creatures (others)
  A deep elf death mage (Vaults:5)
  A rakshasa (Vaults:3)
  A human (Crypt:1)
  2 boggarts
  An orc priest (Orc:1)
  2 endoplasms (Lair:4)
8 creatures vanquished.

Grand Total: 1452 creatures vanquished

Notes
Turn   | Place    | Note
-------+----------+-------------------------------------------
     0 | D:1      | MainBain the Minotaur Berserker began the quest for the
                  | Orb.
     0 | D:1      | Reached XP level 1. HP: 19/19 MP: 0/0
    43 | D:1      | Reached XP level 2. HP: 17/27 MP: 1/1
  1042 | D:2      | Reached XP level 3. HP: 33/33 MP: 2/2
  1098 | D:2      | Reached ** piety under Trog
  1109 | D:2      | Noticed Sigmund
  1118 | D:2      | Killed Sigmund
  1119 | D:2      | Reached skill level 5 in Fighting
  1119 | D:2      | Reached skill level 5 in Axes
  1119 | D:2      | Reached XP level 4. HP: 42/42 MP: 3/3
  1119 | D:2      | Reached XP level 5. HP: 48/48 MP: 4/4
  1322 | D:2      | You fall into a shaft and drop 1 floor!
  1593 | D:3      | Reached XP level 6. HP: 51/56 MP: 5/5
  2143 | D:3      | Found Muegroen's Antique Armour Shoppe.
  2411 | D:4      | Reached XP level 7. HP: 64/64 MP: 6/6
  2561 | D:4      | Reached *** piety under Trog
  2701 | D:4      | Noticed Robin
  2710 | D:4      | Killed Robin
  2786 | D:4      | Noticed Ijyb
  2795 | D:4      | Killed Ijyb
  2945 | D:4      | Noticed Dowan
  2947 | D:4      | Noticed Duvessa
  2966 | D:4      | Killed Duvessa
  2970 | D:4      | Killed Dowan
  2971 | D:4      | Reached XP level 8. HP: 73/73 MP: 7/7
  3304 | D:5      | Entered Level 5 of the Dungeon
  3307 | D:5      | Reached skill level 5 in Armour
  3407 | D:5      | Reached skill level 5 in Dodging
  3422 | D:6      | Found a hide-covered altar of Uskayaw.
  3500 | D:5      | Reached skill level 1 in Maces & Flails
  3611 | D:5      | Identified the amulet of Sloth {Faith Will+}
  3638 | D:5      | Found Pabibet's Armour Boutique.
  4278 | D:6      | Noticed Blork the orc
  4285 | D:6      | Killed Blork the orc
  4288 | D:6      | Reached XP level 9. HP: 83/83 MP: 8/8
  4526 | D:6      | Found a shimmering blue altar of Sif Muna.
  4679 | D:6      | Found Ysaergh's General Store.
  4687 | D:6      | Bought a scroll of blinking for 75 gold pieces
  4800 | D:7      | Found a staircase to the Ecumenical Temple.
  4895 | D:7      | Noticed Joseph
  4906 | D:7      | Killed Joseph
  4907 | D:7      | Reached skill level 10 in Fighting
  5007 | D:7      | Noticed Maurice
  5147 | D:7      | Reached **** piety under Trog
  5331 | D:7      | Maurice stole a talisman of death
  5337 | D:7      | Maurice stole a +3 whip
  5340 | D:7      | Maurice stole a ring of poison resistance
  5342 | D:7      | Maurice stole 123 gold
  5342 | D:7      | Maurice stole 206 gold
  5365 | D:7      | Killed Maurice
  5366 | D:7      | Reached skill level 5 in Maces & Flails
  5430 | D:7      | Noticed a white ugly thing
  5435 | D:7      | Killed a white ugly thing
  5436 | D:7      | Reached XP level 10. HP: 38/96 MP: 9/9
  5578 | D:7      | Noticed a boulder beetle
  5587 | D:7      | Killed a boulder beetle
  5588 | D:7      | Reached skill level 10 in Axes
  5803 | D:8      | Found a blossoming altar of Fedhas.
  5815 | D:8      | Noticed an oklob plant
  6093 | D:8      | Reached skill level 10 in Dodging
  6604 | D:9      | Reached ***** piety under Trog
  6651 | D:9      | Found a staircase to the Orcish Mines.
  6747 | D:9      | Found an ornate altar of the Wu Jian Council.
  6752 | D:9      | Found a broken altar of Ashenzari.
  6752 | D:9      | Found a stormy altar of Qazlal.
  6753 | D:9      | Found a basalt altar of Yredelemnul.
  6755 | D:9      | Found an iron altar of Okawaru.
  7009 | D:10     | Entered Level 10 of the Dungeon
  7116 | D:10     | Noticed a two-headed ogre
  7127 | D:10     | Killed a two-headed ogre
  7128 | D:10     | Reached XP level 11. HP: 54/107 MP: 10/10
  7471 | D:10     | Found a staircase to the Lair.
  7511 | D:10     | Found a flagged portal.
  7521 | Bailey   | Entered a bailey
  7526 | Bailey   | Noticed an orc warlord
  7559 | Bailey   | Received a gift from Trog
  7635 | Bailey   | Noticed an orc knight
  7650 | Bailey   | Killed an orc knight
  7672 | Bailey   | Found a runed translucent gate.
  7674 | Bailey   | Found a runed translucent gate.
  7676 | Bailey   | Found a runed translucent gate.
  7773 | Bailey   | Killed an orc warlord
  7792 | Bailey   | Identified the +6 long sword of the Wizarding Seeker
                  | {protect, *Corrode +Blink rF+ Str+2}
  7995 | D:10     | Noticed a death yak
  8008 | D:10     | Killed a death yak
  8612 | D:11     | Found a gate leading to a gauntlet.
  8628 | D:11     | Reached XP level 12. HP: 118/118 MP: 11/11
  8645 | Gauntlet | Entered a Gauntlet
  8645 | Gauntlet | Found a transporter.
  8645 | Gauntlet | Found a transporter.
  8645 | Gauntlet | Found a transporter.
  8646 | Gauntlet | Found a transporter.
  8647 | Gauntlet | Found a transporter.
  8650 | Gauntlet | Found a transporter.
  8657 | Gauntlet | Found a transporter.
  8659 | Gauntlet | Found a transporter.
  8659 | Gauntlet | Found a transporter.
  8661 | Gauntlet | Found a transporter.
  8665 | Gauntlet | Noticed a cacodemon
  8668 | Gauntlet | Noticed a green death
  8670 | Gauntlet | Found a transporter.
  8673 | Gauntlet | Found a transporter.
  8770 | Gauntlet | Received a gift from Trog
  8812 | Gauntlet | Killed a green death
  8813 | Gauntlet | Reached skill level 15 in Fighting
  8824 | Gauntlet | Identified the +2 pair of boots of Vanity {rN+}
  8939 | Gauntlet | Identified the +0 plate armour of Imperfection {Dex+7}
  8939 | Gauntlet | Noticed a minotaur
  8948 | Gauntlet | Killed a minotaur
  9085 | D:11     | Identified the +4 shadow dragon scales of the Watchman
                  | {Int+2 Dex+3 Stlth++++}
  9086 | D:11     | Upgraded the game from 0.32-a0-12-g7fc57aa741 to
                  | 0.32-a0-18-g89e19f1974
  9118 | D:11     | Reached XP level 13. HP: 130/130 MP: 12/12
  9908 | D:12     | Found Juqyminuga's Weapon Emporium.
  9938 | D:12     | Found Tifeics's Distillery.
  9943 | D:12     | Bought a potion of cancellation for 128 gold pieces
  9981 | D:12     | Reached skill level 10 in Armour
 10139 | D:12     | Found Zean's Weapon Shoppe.
 10250 | D:12     | Found Nashuc's Antique Weapon Shoppe.
 10979 | Lair:1   | Entered Level 1 of the Lair of Beasts
 10988 | Lair:1   | Found a transporter.
 11200 | Lair:1   | Found a transporter.
 11441 | Lair:1   | Reached XP level 14. HP: 115/140 MP: 13/13
 11493 | Lair:1   | Received a gift from Trog
 11900 | Lair:2   | You fall into a shaft and drop 2 floors!
 13039 | Lair:3   | Found a staircase to the Snake Pit.
 13095 | Lair:3   | Found a staircase to the Shoals.
 13446 | Lair:4   | Found a staircase to the Slime Pits.
 13464 | Lair:4   | Reached ****** piety under Trog
 13476 | Lair:4   | Reached skill level 1 in Ranged Weapons
 13481 | Lair:4   | Identified the +10 executioner's axe of Mim Nud {heavy,
                  | Dex+3} (Trog gifted it to you on level 4 of the Lair of
                  | Beasts)
 13481 | Lair:4   | Received a gift from Trog
 13645 | Lair:4   | Found a viscous altar of Jiyva.
 13685 | Lair:4   | Identified a scroll of acquirement
 13685 | Lair:4   | Acquired a manual of Maces & Flails
 14355 | Lair:5   | Entered Level 5 of the Lair of Beasts
 14600 | Lair:5   | Received a gift from Trog
 14866 | Lair:5   | Upgraded the game from 0.32-a0-18-g89e19f1974 to
                  | 0.32-a0-32-g978bd804de
 15062 | Lair:5   | Reached XP level 15. HP: 150/151 MP: 14/14
 15140 | Lair:5   | Found a runed translucent gate.
 15140 | Lair:5   | Found a runed translucent gate.
 15140 | Lair:5   | Found a runed translucent gate.
 15151 | Lair:5   | Noticed Jano's ghost (journeyman DjEE)
 15176 | Lair:5   | Killed Jano's ghost
 15739 | Orc:1    | Entered Level 1 of the Orcish Mines
 15806 | Orc:1    | Reached skill level 5 in Ranged Weapons
 15807 | Orc:1    | Received a gift from Trog
 16007 | Orc:1    | Found a frozen archway.
 16016 | IceCv    | Entered an ice cave
 16219 | IceCv    | Received a gift from Trog
 16250 | IceCv    | Reached XP level 16. HP: 156/160 MP: 15/15
 16316 | IceCv    | Upgraded the game from 0.32-a0-32-g978bd804de to
                  | 0.32-a0-35-gd9ff480968
 16456 | IceCv    | Identified the ring of Iciph {rC+ Int+2 Dex+5}
 17082 | Orc:2    | Entered Level 2 of the Orcish Mines
 17110 | Orc:2    | Noticed Jorgrun
 17124 | Orc:2    | Killed Jorgrun
 17175 | Orc:2    | Found a staircase to the Elven Halls.
 17430 | Orc:2    | Noticed Azrael
 17437 | Orc:2    | Received a gift from Trog
 17443 | Orc:2    | Killed Azrael
 17646 | Orc:2    | Found a runed translucent door.
 17647 | Orc:2    | Found a shimmering altar of Xom.
 17647 | Orc:2    | Noticed Kurok's ghost (journeyman MiFi)
 17720 | Orc:2    | Found Wiso Xed's Antique Weapon Shop.
 17724 | Orc:2    | Found Lethro Bide's Antique Armour Boutique.
 17750 | Orc:2    | Bought the +3 crown of Dyrovepreva {rElec Int+2 SInv} for
                  | 1242 gold pieces
 17750 | Orc:2    | Found the +3 crown of Dyrovepreva {rElec Int+2 SInv}
 17914 | Orc:2    | Found Tunawiom's Weapon Shop.
 17976 | Orc:2    | Found Qycvaq's Antique Weapon Shop.
 18175 | Orc:2    | Killed Kurok's ghost
 18176 | Orc:2    | Reached skill level 1 in Evocations
 19186 | D:15     | Entered Level 15 of the Dungeon
 19467 | D:14     | Received a gift from Trog
 19754 | D:14     | Found a gate to the Vaults.
 19855 | D:15     | Noticed Agnes
 19859 | D:15     | Killed Agnes
 19904 | D:15     | Upgraded the game from 0.32-a0-35-gd9ff480968 to
                  | 0.32-a0-39-g5c88369fb2
 20227 | D:15     | Reached XP level 17. HP: 170/170 MP: 16/16
 20261 | D:15     | Found a staircase to the Depths.
 20447 | D:15     | Received a gift from Trog
 20510 | Depths:1 | Entered Level 1 of the Depths
 20525 | Depths:1 | Found a gateway to Hell.
 20798 | Snake:1  | Entered Level 1 of the Snake Pit
 21172 | Vaults:1 | Entered Level 1 of the Vaults
 21541 | Vaults:1 | Reached skill level 15 in Armour
 21542 | Vaults:1 | Identified the +10 battleaxe "Menis" {heavy, rCorr Str+3}
                  | (Trog gifted it to you on level 1 of the Vaults)
 21542 | Vaults:1 | Received a gift from Trog
 21726 | Vaults:1 | Identified the serpent talisman "Irytz" {rC+}
 21726 | Vaults:1 | Noticed Aizul
 21733 | Vaults:1 | Killed Aizul
 21734 | Vaults:1 | Reached skill level 5 in Evocations
 22066 | Vaults:1 | Reached skill level 10 in Ranged Weapons
 22223 | Vaults:1 | Paralysed by a formless jellyfish for 1 turns
 22226 | Vaults:1 | Paralysed by a formless jellyfish for 1 turns
 22809 | Vaults:2 | Received a gift from Trog
 23257 | Vaults:2 | Found a staircase to the Crypt.
 23261 | Crypt:1  | Entered Level 1 of the Crypt
 23276 | Crypt:1  | Reached XP level 18. HP: 116/180 MP: 17/17
 23411 | Crypt:1  | Received a gift from Trog
 23421 | Crypt:1  | Reached skill level 1 in Long Blades
 24029 | Crypt:1  | Noticed Xtahua
 24037 | Crypt:1  | Paralysed by Xtahua for 3 turns
 24081 | Crypt:1  | Killed Xtahua
 24219 | Crypt:1  | Identified the +10 sling of the Inferno {drain, rPois Str-4
                  | Int+3}
 24368 | Crypt:1  | Noticed a lich
 24395 | Crypt:1  | Found a runed door.
 24407 | Crypt:1  | Noticed a lich
 24587 | Crypt:1  | Noticed a dread lich
 24594 | Crypt:1  | Killed a dread lich
 24617 | Crypt:1  | Identified the amulet "Qufov" {Acrobat Will- Dex+3 SInv
                  | Stlth+}
 24638 | Crypt:1  | Identified the ring of Spite {Ice Fly rElec rN+ MP+9}
 24640 | Crypt:1  | Identified the +3 mace "Nody" {drain, rC- rN+ Str+5}
 24663 | Crypt:1  | Killed a lich
 24673 | Crypt:1  | Killed a lich
 24673 | Crypt:1  | Received a gift from Trog
 25016 | Crypt:1  | Noticed Saint Roka
 25025 | Crypt:1  | Killed Saint Roka
 25109 | Crypt:2  | Reached skill level 5 in Long Blades
 25828 | Crypt:2  | Received a gift from Trog
 25921 | Crypt:2  | Paralysed by a vampire knight for 4 turns
 26083 | Crypt:2  | Noticed a lich
 26096 | Crypt:2  | Killed a lich
 26234 | Crypt:2  | Reached XP level 19. HP: 171/190 MP: 18/18
 26391 | Crypt:2  | Noticed Jory
 26398 | Crypt:2  | Killed Jory
 26466 | Crypt:2  | Found the +6 Majin-Bo {spellvamp, MP+6 Int+6}
 26955 | Crypt:3  | Entered Level 3 of the Crypt
 27013 | Crypt:3  | Received a gift from Trog
 27229 | Crypt:3  | Noticed a bone dragon
 27239 | Crypt:3  | Killed a bone dragon
 27275 | Crypt:3  | Identified the staff of Cobwebs {rElec rC+ rN+ Dex-3 SInv
                  | Ice}
 27355 | Crypt:3  | Paralysed by a sphinx for 3 turns
 27519 | Crypt:3  | Found a staircase to the Tomb.
 27809 | Crypt:3  | Found an ancient bone altar of Kikubaaqudgha.
 27811 | Crypt:3  | Noticed a dread lich
 27819 | Crypt:3  | Paralysed by a dread lich for 2 turns
 27821 | Crypt:3  | Killed a dread lich
 27833 | Crypt:3  | Reached skill level 15 in Dodging
 27847 | Crypt:3  | Acquired the +0 pair of boots "Jantu Dunk" {+Blink Fly
                  | rElec}
 27870 | Crypt:3  | Noticed an ancient lich
 27874 | Crypt:3  | Killed an ancient lich
 28697 | Crypt:3  | Identified the ring of Xom's Wantonness {rPois rC- rN+
                  | Will+++}
 28697 | Crypt:3  | Identified the ring "Toimid" {rN+ Int+3}
 28700 | Crypt:3  | Identified the ring of Qaxiclis {rN+ Will+ Int+3 Dex+4}
 29405 | Vaults:2 | Received a gift from Trog
 30408 | Vaults:3 | Reached XP level 20. HP: 195/200 MP: 19/19
 30460 | Vaults:3 | Received a gift from Trog
 31243 | Vaults:3 | Received a gift from Trog
 31402 | Vaults:3 | Found a runed translucent gate.
 31402 | Vaults:3 | Found a runed translucent gate.
 31402 | Vaults:3 | Found a runed translucent gate.
 31404 | Vaults:3 | Noticed Lukheov's ghost (veteran DrWn)
 31452 | Vaults:3 | Killed Lukheov's ghost
 31456 | Vaults:3 | Reached skill level 10 in Long Blades
 31513 | Vaults:3 | Identified the +2 cloak of Fedhas's Reproof {rElec Stlth+}
 31514 | Vaults:3 | Identified the +1 hat of Ennui {Slay+2}
 31793 | Vaults:4 | Reached skill level 10 in Evocations
 32037 | Vaults:4 | Received a gift from Trog
 32273 | Vaults:4 | Found Syilant's Magic Scroll Shop.
 32281 | Vaults:4 | Bought a scroll of fear for 56 gold pieces
 32510 | Vaults:5 | Entered Level 5 of the Vaults
 32517 | Vaults:4 | Received a gift from Trog
 32659 | Vaults:4 | Reached XP level 21. HP: 188/211 MP: 20/20
 32660 | Vaults:5 | Noticed a golden dragon
 32929 | Vaults:5 | Received a gift from Trog
 32933 | Vaults:5 | Killed a golden dragon
 33164 | Vaults:5 | HP: 7/204 [tengu reaver/bolt of negative energy (21)]
 33165 | Vaults:5 | HP: 2/204 [tengu reaver/+2 vampiric bardiche (7)]
 33165 | Vaults:5 | Killed from afar by a sphinx

Illustrated notes

Levels and vault maps discovered:
D:1:      dpeg_arrival_rooms_with_view, layout_basic, item_on_display_b
D:2:      layout_loops_corners, serial_undead, serial_undead_a, serial_undead_a,
          serial_undead_d, serial_undead_c, serial_undead_e, uniq_sigmund
D:3:      layout_loops_ring, serial_shops, nicolae_shop_trees
D:4:      kennysheep_spiral_hall, layout_cave_pods, grunt_decor_mini_mirrors,
          minmay_manual_monstrance, uniq_robin, uniq_ijyb, uniq_duvessa
D:5:      layout_basic, serial_shops, nicolae_shop_just_a_little_nook
D:6:      layout_loops_cross, mainiacjoe_overflow_surrounded_room,
          eat_drink_and_be_merry_uskayaw, serial_shops, shop_fountains,
          uniq_blork_the_orc
D:7:      layout_basic, minmay_temple_entry_offerings, kb_rosetta, uniq_joseph,
          uniq_maurice
D:8:      cheibrodos_helix_gallery, layout_basic, tgw_fedhas
D:9:      layout_rooms, minitemple, orc_0_dummy
D:10:     argonaut_augean_stables, layout_loops_ring,
          grunt_lair_entry_orc_guard_hut, enter_bailey_7
D:11:     layout_big_octagon, gauntlet_entry_generic, minmay_pinched_square
D:12:     layout_stronghold, serial_shops, nicolae_shop_mannequins,
          nicolae_shop_statue_plus, shop,
          nicolae_shop_temple_entry_statues_fountains
D:13:     layout_loops_ring, drop_trap
D:14:     layout_roguey [special_room_mythical_zoo], erik_vaults_1, drop_trap
D:15:     hangedman_depths_entry_try_elsewhere_first, layout_long_grid,
          uniq_agnes
Lair:1:   gammafunk_worm_tunnel, layout_layer_cave, small_statue_intersection
Lair:2:   layout_roguey, minmay_lair_oklob_items, grunt_megastairs_5
Lair:3:   layout_small_grid, elwin_shoals_entry_rooms,
          nicolae_snake_entry_warm_welcome, nicolae_volcano_entry_hallway,
          chequers_serial_rivers_small_3
Lair:4:   layout_concentric_octagons, nicolae_slime_entry_slimehenge,
          beast_lair_carwin_11, lemuel_fruit_tree, serial_bayou_shore_a
Lair:5:   minmay_lair_end_enchanted_forest, layout_big_grid, serial_bayou,
          serial_bayou_ford_a, serial_bayou_pond_d, serial_bayou_pond_d,
          serial_bayou_lagoon_b, gammafunk_ghost_hydra_chop,
          nicolae_quartered_pool_super, chequers_serial_rivers_large_a
Snake:1:  layout_misc_corridors, serial_shops, bzr_in_the_mist
Orc:1:    layout_diamond_mine, portal_ice_cave_entry_pillars_2,
          nicolae_orc_lost_temple
Orc:2:    grunt_orc_community_town_hall, layout_diamond_mine,
          grunt_orc_community_big_house_2, grunt_orc_community_big_house_1,
          grunt_orc_community_house_3, grunt_orc_community_house_2,
          grunt_orc_community_house_3, grunt_orc_community_house_1,
          grunt_orc_community_house_3, grunt_orc_community_house_2,
          ebering_ghost_xom, nicolae_orc_crystal_seam, bh_open_orc_temple,
          uniq_azrael, uniq_jorgrun
Vaults:1: nicolae_vaults_theta, v_pattern_1, hangedman_vaults_snaps,
          nicolae_vaults_double_plus_2, dpeg_vaults_monster_box,
          vaults_dpeg_ring, ontoclasm_vaults_loading_screen,
          layout_vaults_quadrants, uniq_aizul
Vaults:2: nicolae_vaults_mitosis, ontoclasm_vaults_gateway,
          minmay_crypt_entry_simple_walls, nicolae_vaults_oval_intersection,
          vaults_room_grid, ontoclasm_vaults_decontamination,
          hangedman_vaults_slice, nicolae_vaults_trapezoid_lopsided_1,
          v_rooms_3, serial_library_regret_index_small_wings,
          nicolae_vaults_cornered_office, nicolae_vaults_theta,
          nicolae_vaults_variable_pillar_hall, layout_vaults_omnibox
Vaults:3: gammafunk_ghost_tricky_traps, nicolae_vaults_little_squares_2,
          v_misc_18, vaults_room_octagon, nicolae_vaults_weapon_check,
          ontoclasm_vaults_ligature, nicolae_vaults_closet_pinwheel_5,
          v_alt_pattern_3, nicolae_vaults_network_quinsquares
          [nicolae_vaults_network_quincunx_subvault,
          nicolae_vaults_network_quincunx_subvault,
          nicolae_vaults_network_quincunx_subvault,
          nicolae_vaults_network_quincunx_subvault], nicolae_vaults_network_s,
          nicolae_vaults_theta, v_misc_27, nicolae_vaults_trapezoid_3,
          nicolae_vaults_hexular_roomagon, vaults_room_stairs_pillars,
          nicolae_vaults_trapezoid_2, nicolae_vaults_double_plus_1,
          vaults_room_hallway, layout_vaults_omnicross, serial_magic_research,
          hangedman_research_probablistics
Vaults:4: hangedman_vaults_stretched_pinwheel, nicolae_vaults_asterisk,
          nicolae_vaults_two_Ls, v_misc_23, vaults_mumra_hex, v_alt_pattern_2,
          vaults_standard_mumra_lines, nicolae_vaults_shipping_containers_4,
          nicolae_vaults_little_squares_5, vaults_dpeg_cross,
          layout_vaults_maze_snakey, serial_shops, shop
Vaults:5: serial_shops
Crypt:1:  evilmike_wizard_prison, layout_misc_corridors, uniq_xtahua,
          uniq_saint_roka
Crypt:2:  minmay_guarded_unrand_majin_bo, layout_basic, grunt_megastairs_3,
          uniq_jory
Crypt:3:  quadcrypt_mu
Depths:1: layout_basic, ziggurat_fallback, hell_entry,
          nicolae_concentric_dashed_squares_mild, abyss_entry_crystal,
          special_room [special_room_magic_class],
          hangedman_abyss_or_decor_jellyfish_corner, nicolae_the_louvre

Skill      XL: |  1  2  3  4  5  6  7  8  9 10 11 12 13 14 15 16 17 18 19 20 21 |
---------------+----------------------------------------------------------------+-----
Fighting       | 4 5 6 7 9 11 13 14 16 17 18 19 20 21 22 23 | 23.2
Axes           | 4 5 6 7 8 9 11 13 16 18 21 22 23 | 23.5
Armour         | 3 4 5 7 9 10 12 13 14 15 16 17 18 19 | 19.0
Dodging        | 3 4 6 9 10 11 13 15 16 17 | 17.0
Maces & Flails | 2 5 7 8 |  8.7
Ranged Weapons | 4 6 8 10 11 13 14 | 14.8
Evocations     | 3 6 7 9 10 | 10.8
Long Blades    | 6 9 11 | 11.6

Action                     |  1- 3 |  4- 6 |  7- 9 | 10-12 | 13-15 | 16-18 | 19-21 || total
---------------------------+-------+-------+-------+-------+-------+-------+-------++-------
  Melee: Hand axe          |    72 |    88 |   111 |       |       |       |       ||   271
         Headbutt          |    10 |    12 |    49 |    84 |    92 |   180 |   120 ||   547
         Punch             |     1 |     1 |     2 |     1 |       |     1 |       ||     6
         Morningstar       |       |       |   119 |       |       |       |       ||   119
         Whip              |       |       |    34 |       |       |       |       ||    34
         Battleaxe         |       |       |     3 |   284 |   346 |   138 |       ||   771
         Broad axe         |       |       |       |   109 |     4 |       |       ||   113
         Executioner's axe |       |       |       |       |   120 |   680 |   531 ||  1331
         Great mace        |       |       |       |       |    23 |       |       ||    23
         Long sword        |       |       |       |       |       |    52 |       ||    52
   Fire: Sling             |     4 |       |     1 |       |     8 |       |       ||    13
  Throw: Dart              |       |     3 |     9 |    17 |    73 |    32 |       ||   134
 Invoke: Berserk           |     1 |       |     9 |     5 |     2 |     8 |     5 ||    30
         Trog's Hand       |       |       |     7 |     5 |     8 |    14 |     6 ||    40
         Brothers in Arms  |       |       |       |       |     1 |     2 |     1 ||     4
  Evoke: Wand              |       |       |       |     4 |     1 |     2 |       ||     7
    Use: Scroll            |       |     5 |     1 |     2 |    14 |    11 |     2 ||    35
         Potion            |       |       |     1 |     1 |     3 |     1 |     3 ||     9
   Stab: Invisible         |       |       |     1 |       |       |       |       ||     1
         Distracted        |       |       |       |       |     1 |       |       ||     1
 Armour: Animal skin       |    39 |       |       |       |       |       |       ||    39
         Leather armour    |       |    15 |       |       |       |       |       ||    15
         Chain mail        |       |    37 |   246 |   223 |       |       |       ||   506
         Plate armour      |       |       |       |    18 |       |       |       ||    18
         Shadow dragon sca |       |       |       |       |   265 |    18 |       ||   283
         Crystal plate arm |       |       |       |       |       |   693 |   568 ||  1261
  Dodge: Dodged            |    48 |    46 |   178 |   351 |   389 |   648 |   577 ||  2237

Table legend: (Time is in decaauts)
 A = Elapsed time spent in this place.
 B = Non-inter-level travel time spent in this place.
 C = Inter-level travel time spent in this place.
 D = Time resting spent in this place.
 E = Time spent auto-exploring this place.
 F = Levels seen in this place.
 G = Mean time per level.
                   A        B        C        D        E       F      G
               +--------+--------+--------+--------+--------+-----+--------+
         Total |  33557 |  31619 |   1938 |   2423 |  10031 |  35 |  958.8 |
       Dungeon |  13122 |  12014 |   1108 |    355 |   4615 |  15 |  874.8 |
          Lair |   4966 |   4626 |    340 |      0 |   2058 |   5 |  993.2 |
     Snake Pit |    112 |    112 |      0 |      0 |      0 |   1 |  112.0 |
  Orcish Mines |   1659 |   1560 |     99 |      0 |    217 |   2 |  829.5 |
        Vaults |   6491 |   6311 |    180 |   1073 |   1669 |   5 | 1298.2 |
         Crypt |   5625 |   5417 |    208 |    995 |   1036 |   3 | 1875.0 |
        Depths |     26 |     26 |      0 |      0 |      0 |   1 |   26.0 |
        Bailey |    315 |    315 |      0 |      0 |      0 |   1 |  315.0 |
      Ice Cave |    881 |    881 |      0 |      0 |    410 |   1 |  881.0 |
      Gauntlet |    356 |    356 |      0 |      0 |     26 |   1 |  356.0 |
               +--------+--------+--------+--------+--------+-----+--------+

Top non-repeatable levels by time:
 Crypt:1: 1896 daAuts
 Crypt:2: 1887 daAuts
 Crypt:3: 1841 daAuts
Vaults:3: 1824 daAuts
Vaults:1: 1718 daAuts
Vaults:4: 1508 daAuts
Vaults:2: 1389 daAuts
  Lair:5: 1308 daAuts
    D:12: 1263 daAuts
    D:11: 1233 daAuts
    D:10: 1208 daAuts
   Orc:2: 1171 daAuts
     D:4: 1129 daAuts
  Lair:4: 995 daAuts
     D:7: 967 daAuts
